 Dungeon Crawl Stone Soup version 0.29.1-13-g9f3cf754e1 (webtiles) character file.

Game seed: 9139796231644332488

91023 lmSkywalker the Thaumaturge (level 16, -2/127 (139) HPs)
             Began as a Djinni Fire Elementalist on Jan 21, 2023.
             Was a High Priest of Ashenzari.
             Slain by a quicksilver ooze (shapeshifter) (8 damage)
             ... on level 11 of the Dungeon on Jan 24, 2023.
             The game lasted 02:26:10 (35757 turns).

lmSkywalker the Thaumaturge (DjFE)                 Turns: 35757, Time: 02:26:11

HP:   -2/127 (139)  AC: 14    Str:  7    XL:     16   Next: 49%
Gold: 1716          EV: 19    Int: 27    God:    Ashenzari [*****.] SH: 16 Dex: 25

rFire   + + .      SeeInvis +   D - +7 whip of Ashenzari's Discomfort {vorpal, Dex+4, Self, Fort} (curse)
rCold   x . .      Faith    .   h - +2 kite shield "I Knew You'd Do That" {Self, Fort} (curse)
rNeg    . . .      Spirit   .   H - +1 troll leather armour of the Fated Oblivion {Regen+, Evo, Self} (curse)
rPois   ∞          Reflect  .   q - +2 helmet of the Prescient Sybil {Int+3, Fort, Self} (curse)
rElec   .          Harm     .   o - scarf "Secrets of Ashenzari" {+Inv, Evo, Self} (curse)
rCorr   +          Rampage  .   g - +2 pair of gloves "Cryptic the Ego" {Evo, Self} (curse)
Will    +....      Clarity  +   (boots unavailable)
Stlth   +++++.....              (no amulet)
HPRegen 1.11/turn               n - ring of the Wild Blue Yonder {Dex+6, Self, Evo} (curse)
MPRegen 0.00/turn               G - ring "Eternal Water Diviner" {rCorr, Melee, Self} (curse)

@: about to teleport, engulfed, flying, very slightly contaminated, drained,
invisible
A: sickness immunity, fire resistance 2, cold vulnerability 1, float, innate
caster, HP casting, extra vitality 1
a: Renounce Religion, Evoke Invisibility, Shatter the Chains


You were on level 11 of the Dungeon.
You worshipped Ashenzari.
Ashenzari was extremely pleased with you.
You visited 3 branches of the dungeon, and saw 18 of its levels.
You also visited: Bailey.

You collected 1929 gold pieces.
You spent 213 gold pieces at shops.

Inventory:

Hand Weapons
 D - the cursed +7 whip of Ashenzari's Discomfort (weapon) {vorpal, Dex+4, Self, Fort}
   (You found it on level 5 of the Dungeon)

   It inflicts extra damage upon your enemies.
   Dex:       It affects your dexterity (+4).
   It has a curse which improves the following skills: Introspection: Fighting
   and Spellcasting.
   Fortitude: Armour and Shields.
Missiles
 f - 6 silver javelins
 v - 6 curare-tipped darts
 x - 6 atropa-tipped darts
Armour
 g - the cursed +2 pair of gloves "Cryptic the Ego" (worn) {Evo, Self}
   (You found it on level 1 of the Dungeon)

   It has a curse which improves the following skills: Evocations: Evocations.
   Introspection: Fighting and Spellcasting.
 h - the cursed +2 kite shield "I Knew You'd Do That" (worn) {Self, Fort}
   (You found it on level 5 of the Dungeon)

   It has a curse which improves the following skills: Introspection: Fighting
   and Spellcasting.
   Fortitude: Armour and Shields.
 o - the cursed scarf "Secrets of Ashenzari" (worn) {+Inv, Evo, Self}
   (You found it on level 2 of the Lair of Beasts)

   It has a curse which improves the following skills: Evocations: Evocations.
   Introspection: Fighting and Spellcasting.
 q - the cursed +2 helmet of the Prescient Sybil (worn) {Int+3, Fort, Self}
   (You found it on level 3 of the Dungeon)

   It has a curse which improves the following skills: Fortitude: Armour and
   Shields.
   Introspection: Fighting and Spellcasting.
 C - a +0 cloak
 H - the cursed +1 troll leather armour of the Fated Oblivion (worn) {Regen+, Evo, Self}
   (You found it on level 9 of the Dungeon)

   Regen:     It increases your rate of health regeneration.
   It has a curse which improves the following skills: Evocations: Evocations.
   Introspection: Fighting and Spellcasting.
Jewellery
 n - the cursed ring of the Wild Blue Yonder (left hand) {Dex+6, Self, Evo}
   (You found it on level 5 of the Dungeon)

   [ring of dexterity]

   Dex:       It affects your dexterity (+6).
   It has a curse which improves the following skills: Introspection: Fighting
   and Spellcasting.
   Evocations: Evocations.
 G - the cursed ring "Eternal Water Diviner" (right hand) {rCorr, Melee, Self}
   (You found it on level 10 of the Dungeon)

   [ring of resist corrosion]

   rCorr:     It protects you from acid and corrosion.
   It has a curse which improves the following skills: Melee Combat: Short
   Blades, Long Blades, Axes, Maces & Flails, Polearms, Staves and Unarmed
   Combat.
   Introspection: Fighting and Spellcasting.
Wands
 a - a wand of quicksilver (4)
 e - a wand of paralysis (10)
 t - a wand of flame (73) (quivered)
 F - a wand of iceblast (12)
 J - a wand of digging (3)
Scrolls
 b - 2 scrolls of poison
 c - 5 scrolls of teleportation
 k - 4 scrolls of blinking
 p - 6 scrolls of fog
 s - 3 scrolls of fear
 y - 3 scrolls of enchant weapon
 B - 4 scrolls of magic mapping
Potions
 d - 7 potions of haste
 i - 5 potions of lignification
 j - 5 potions of curing
 l - 4 potions of resistance
 m - 2 potions of brilliance
 r - a potion of mutation
 u - 3 potions of might
 w - 4 potions of berserk rage
 z - 2 potions of attraction
 A - 3 potions of invisibility
 E - a potion of cancellation
 I - a potion of ambrosia


   Skills:
 - Level 11.7(20.5) Fighting
 - Level 5.3(7.5) Maces & Flails
 + Level 7.9(12.4) Armour
 + Level 10.9 Dodging
 + Level 11.5 Stealth
 - Level 7.5(12.0) Shields
 - Level 11.8(20.6) Spellcasting
 - Level 6.7(12.1) Evocations


You had 19 spell levels left.
You knew the following spells:

 Your Spells              Type           Power      Damage    Failure   Level
a - Foxfire               Conj/Fire      100%       2x1d9     0%          1
b - Scorch                Fire           100%       2d10      0%          2
c - Simulacrum            Ice/Necr       48%        N/A       1%          6
d - Anguish               Hex/Necr       48%        N/A       0%          4
e - Flame Wave            Conj/Fire      96%        2d20      0%          4
f - Freeze                Ice            100%       1d11      0%          1
g - Call Imp              Summ           96%        N/A       0%          2
h - Ensorcelled Hibernat  Hex/Ice        100%       N/A       0%          2
i - Ice Form              Ice/Tmut       96%        N/A       0%          4
j - Inner Flame           Hex/Fire       96%        N/A       0%          3
k - Alistair's Intoxicat  Tmut/Pois      64%        N/A       1%          5
l - Conjure Flame         Conj/Fire      96%        6-21      0%          3
Your spell library was empty.

Dungeon Overview and Level Annotations

Branches:
Dungeon (11/15)            Temple (0/1) D:6            Lair (5/5) D:9
 Shoals (0/4) Lair:2       Spider (0/4) Lair:2        Slime (0/5) Lair:4
    Orc (2/2) D:11            Elf (0/3) Orc:2        Bailey (visited)

Altars:
Ashenzari
Elyvilon
Fedhas
Makhleb
Okawaru
Qazlal
Ru
Trog
Uskayaw
Wu Jian
Xom
The Shining One

Shops:
D:6 :   D:9 :?[   D:10 *   Orc:1 ?   Orc:2 [[=:

Annotations:
D:10 Harold
Lair:1 3 runed translucent doors, concernfroge's ghost, journeyman FeTm


Innate Abilities, Weirdness & Mutations

You are immune to sickness and miasma.
You are immune to poison.
Your flesh is very heat resistant. (rF++)
You are vulnerable to cold. (rC-)
You float through the air rather than walking.
You learn spells naturally, not from books.
Your magical power is your life essence.
You have superior vitality. (+4 MHP)


Message History

The cyan ugly thing is almost dead.
* * * LOW HITPOINT WARNING * * *
Casting: Scorch (safe; 0% risk of failure)
Confirm with . or Enter, or press ? or * to list all spells.
You can't see any susceptible monsters within range! (Use Z to cast anyway.)
You hear a horrible gurgling sound!
The cyan ugly thing gurgles horribly!
Casting: Scorch (safe; 0% risk of failure)
Confirm with . or Enter, or press ? or * to list all spells.
You can't see any susceptible monsters within range! (Use Z to cast anyway.)
The quicksilver ooze hits your ogre mage simulacrum.
The quicksilver ooze barely misses your ogre mage simulacrum.
Casting: Scorch (safe; 0% risk of failure)
Confirm with . or Enter, or press ? or * to list all spells.
Flames lash the quicksilver ooze.
The quicksilver ooze is moderately wounded.
The quicksilver ooze's fire resistance burns away.
* * * LOW HITPOINT WARNING * * *
The quicksilver ooze hits your ogre mage simulacrum.
The quicksilver ooze engulfs your ogre mage simulacrum!
The quicksilver ooze hits your ogre mage simulacrum.
Your ogre mage simulacrum is no longer engulfed.
Casting: Scorch (safe; 0% risk of failure)
Confirm with . or Enter, or press ? or * to list all spells.
You can't see any susceptible monsters within range! (Use Z to cast anyway.)
The quicksilver ooze barely misses your ogre mage simulacrum.
The quicksilver ooze hits your ogre mage simulacrum!
Your ogre mage simulacrum vaporises!
The quicksilver ooze is engulfed in freezing vapours.
You block the quicksilver ooze's attack. x2
As you read the scroll of teleportation, it crumbles to dust.
You feel strangely unstable. The quicksilver ooze hits you!
* * * LOW HITPOINT WARNING * * *
The quicksilver ooze engulfs you!
The quicksilver ooze hits you but does no damage.
The cyan ugly thing gurgles horribly!
You slip free of the ooze engulfing you.
The ooze engulfing you falls away. The quicksilver ooze hits you.
The quicksilver ooze engulfs you! The quicksilver ooze hits you!
You die...

####........# ############
#...........# #...........
##...........########...........
###..)...........................
###..............................
.....[...........................
.................................
.#####.#########################.
.#.........#....@J...#.###.##c##.
.#.###.###.#.#.#.#u#.#..#..#.,##.
.#.###.###.#..#.#.#..###.####*.#.
.#.###.###.#.#.....#.##..##.#..#.
.#.........#..#.#.#....##.#..###.
.#.###.###.#.#.....#.#))#..##)##.
.#.###.###.#..#.#.#..###.###..##.
.#.###.###.#.#.#.#.#.#.#))#.##.#.
.#.........#.........#..##..#..#.


You could see a cyan ugly thing (unable to see you, combustible, anguished) and
a quicksilver ooze shaped shifter (combustible).

Vanquished Creatures
  A stone giant (Orc:1)
  A boulder beetle (Lair:3)
  3 hydras
  An ogre mage (D:11)
  A catoblepas (Lair:4)
  11 two-headed ogres
  2 tengu warriors
  A death yak (D:8)
  2 orc high priests (Orc:2)
  Nergalle (Orc:1)
  Sonja (Orc:2)
  Pikel (D:5)
  A deep elf pyromancer (Orc:2)
  A deep elf zephyrmancer (Orc:2)
  2 manticores (D:11)
  8 orc knights
  2 orc sorcerers (Orc:2)
  2 cyclopes
  4 elephants (Lair:3)
  3 black mambas
  11 cane toads
  Maggie (D:8)
  3 rime drakes
  8 komodo dragons
  5 polar bears
  8 trolls
  10 blink frogs
  A slime creature (D:11)
  6 wyverns
  A vampire (D:11)
  5 basilisks
  44 yaks
  Edmund (D:5)
  An acid dragon (D:11)
  6 water moccasins
  A swamp drake (Orc:2)
  3 black bears
  24 orc warriors
  5 ice beasts
  An ogre (Orc:2)
  A boggart (D:11)
  8 centaurs
  4 wolves
  3 lemures
  A phantom (D:6)
  A gnoll sergeant (D:5)
  7 kobold brigands
  7 bullfrogs
  4 necrophages
  A scorpion (D:4)
  15 wights
  11 killer bees
  9 electric eels
  3 howler monkeys
  A crimson imp (Orc:2)
  9 hounds
  2 jellies (D:5)
  17 orc priests
  A gnoll bouda (D:4)
  Crazy Yiuf (D:2)
  4 iguanas
  19 orc wizards
  3 adders
  23 gnolls
  2 white imps
  An ufetubus (D:5)
  2 worms (D:2)
  A dart slug (D:4)
  79 orcs
  3 bats
  7 endoplasms
  6 giant cockroaches
  15 goblins
  12 hobgoblins
  4 jackals (D:1)
  3 quokkas
  5 ball pythons
  2 frilled lizards
  34 kobolds
  2 butterflies (Lair:5)
527 creatures vanquished.

Vanquished Creatures (collateral kills)
  The ghost of tkbsonic5 the Fighter, a journeyman DsAr of Trog (Lair:4)
  The ghost of Faliobat the Markstengu, a journeyman TeHu of Vehumet (Lair:4)
  6 hydras
  A boulder beetle (D:11)
  A two-headed ogre (D:11)
  9 death yaks (Lair:5)
  An orc high priest (Orc:2)
  2 goliath frogs (Lair:5)
  A deep elf pyromancer (D:11)
  2 orc sorcerers
  A moth of wrath (shapeshifter) (D:11)
  3 black mambas (Lair:5)
  12 cane toads
  A kobold demonologist (D:11)
  A freezing wraith (D:11)
  An efreet (D:11)
  4 komodo dragons
  3 tyrant leeches (Lair:5)
  A polar bear (Lair:4)
  16 blink frogs
  15 yaks (Lair:5)
  6 vampire mosquitoes
  An acid dragon (D:11)
  4 water moccasins
  2 orc warriors
  A boggart (D:11)
  A centaur (D:11)
  4 bullfrogs (Lair:5)
  A wight (D:9)
  A howler monkey (D:11)
  A hound (D:7)
  2 orc priests (Orc:2)
  An iron imp (Orc:2)
  2 orc wizards (Orc:2)
  A shadow imp (Orc:2)
  An orc (Orc:2)
  A bush (Lair:5)
  A butterfly (Lair:1)
  10 foxfires
  A fungus (Lair:5)
  11 plants (Lair:5)
136 creatures vanquished.

Vanquished Creatures (others)
  An unseen horror (D:11)
  A polar bear (Lair:4)
  A human (D:9)
  An orc priest (Orc:2)
  3 orcs (Orc:2)
  1731 foxfires
  40 fungi
  171 plants
  4 toadstools (D:1)
  3 withered plants (Lair:4)
1956 creatures vanquished.

Grand Total: 2619 creatures vanquished

Notes
Turn   | Place    | Note
-------+----------+-------------------------------------------
     0 | D:1      | lmSkywalker the Djinni Fire Elementalist began the quest
                  | for the Orb.
     0 | D:1      | lmSkywalker set off with the following spells memorised:
                  | Foxfire, Scorch, Conjure Flame, Inner Flame, Flame Wave.
     0 | D:1      | Reached XP level 1. HP: 15/15 MP: 0/0
   180 | D:1      | Reached XP level 2. HP: 18/21 MP: 0/0
  1317 | D:2      | Found a faded altar of an unknown god.
  1338 | D:2      | Reached XP level 3. HP: 14/25 MP: 0/0
  1338 | D:2      | Learned a level 1 spell: Freeze
  1511 | D:2      | Reached XP level 4. HP: 26/31 MP: 0/0
  1845 | D:2      | Found a broken altar of Ashenzari.
  1884 | D:2      | Became a worshipper of Ashenzari the Shackled
  2113 | D:2      | Noticed a necrophage
  2535 | D:3      | Found a burning altar of Makhleb.
  3104 | D:4      | Reached XP level 5. HP: 22/35 MP: 0/0
  3104 | D:4      | Learned a level 2 spell: Call Imp
  3401 | D:4      | Reached XP level 6. HP: 20/41 MP: 0/0
  3690 | D:4      | Reached skill level 1 in Fighting
  4475 | D:4      | Reached XP level 7. HP: 41/48 MP: 0/0
  4475 | D:4      | Learned a level 2 spell: Ensorcelled Hibernation
  4708 | D:5      | Entered Level 5 of the Dungeon
  4776 | D:5      | Noticed a water moccasin
  4791 | D:4      | Killed a water moccasin
  5008 | D:5      | Reached skill level 5 in Dodging
  5260 | D:5      | Reached XP level 8. HP: 51/55 MP: 0/0
  5720 | D:5      | Identified the +7 whip of Keorph {vorpal, Dex+4}
  7232 | D:5      | Reached skill level 1 in Shields
  8087 | D:6      | Noticed Edmund
  8415 | D:5      | Reached skill level 5 in Stealth
  8419 | D:5      | Killed Edmund
  8420 | D:5      | Reached XP level 9. HP: 18/64 MP: 0/0
  8420 | D:5      | Learned a level 4 spell: Ice Form
  8781 | D:6      | Noticed Pikel
  8971 | D:5      | Killed Pikel
  8972 | D:5      | Reached skill level 5 in Fighting
  8972 | D:5      | Reached skill level 5 in Spellcasting
  9480 | D:6      | Found Cutoxir's Book Boutique.
  9572 | D:6      | Found an iron altar of Okawaru.
  9719 | D:6      | Found a staircase to the Ecumenical Temple.
  9798 | D:7      | Found a blossoming altar of Fedhas.
 10665 | D:7      | Reached XP level 10. HP: 60/72 MP: 0/0
 10995 | D:7      | Reached skill level 5 in Shields
 11678 | D:7      | Found a shimmering altar of Xom.
 11842 | D:7      | Found a white marble altar of Elyvilon.
 12157 | D:7      | Found an ornate altar of the Wu Jian Council.
 12361 | D:7      | Reached * piety under Ashenzari
 12411 | D:8      | Noticed Maggie
 12714 | D:8      | Killed Maggie
 13245 | D:8      | Noticed a death yak
 13283 | D:8      | Reached XP level 11. HP: 31/79 MP: 0/0
 13283 | D:8      | Learned a level 4 spell: Anguish
 13514 | D:8      | Killed a death yak
 14022 | D:8      | Identified Hicrox's Directory of Petrous Conduction (You
                  | found it on level 6 of the Dungeon)
 14135 | D:8      | Reached ** piety under Ashenzari
 14339 | D:9      | Found Voallar's Book Boutique.
 14467 | D:9      | Found Liosud's Antique Armour Shop.
 14488 | D:9      | Found Bugor's Magic Scroll Shop.
 14495 | D:9      | Bought a scroll of blinking for 105 gold pieces
 14507 | D:9      | Reached skill level 1 in Armour
 14600 | D:9      | Reached skill level 1 in Maces & Flails
 14703 | D:9      | Found a flagged portal.
 14712 | Bailey   | Entered a bailey
 17426 | Bailey   | Noticed an orc warlord
 17426 | Bailey   | Noticed an orc knight
 17468 | Bailey   | Killed an orc knight
 18418 | D:9      | Found a staircase to the Lair.
 19714 | D:10     | Entered Level 10 of the Dungeon
 19822 | D:10     | Found Efixokhios's General Store.
 19830 | D:10     | Bought a scroll of fog for 52 gold pieces
 19843 | D:10     | Found a hide-covered altar of Uskayaw.
 19848 | D:10     | Found a glowing golden altar of the Shining One.
 19851 | D:10     | Found a stormy altar of Qazlal.
 19864 | D:10     | Reached XP level 12. HP: 87/90 MP: 0/0
 19961 | D:10     | Found a broken altar of Ashenzari.
 20047 | D:10     | Noticed a tengu warrior
 20062 | D:10     | Killed a tengu warrior
 20646 | D:10     | Noticed Harold
 20677 | D:10     | Reached *** piety under Ashenzari
 20930 | D:10     | Noticed a two-headed ogre
 20938 | D:10     | Killed a two-headed ogre
 21572 | D:10     | Found a bloodstained altar of Trog.
 21585 | D:10     | Reached skill level 5 in Armour
 21585 | D:10     | Reached XP level 13. HP: 101/101 MP: 0/0
 21585 | D:10     | Learned a level 5 spell: Alistair's Intoxication
 21950 | Lair:1   | Entered Level 1 of the Lair of Beasts
 22188 | Lair:1   | Found a runed translucent gate.
 22188 | Lair:1   | Found a runed translucent gate.
 22188 | Lair:1   | Found a runed translucent gate.
 22907 | Lair:1   | Noticed concernfroge's ghost (journeyman FeTm)
 22941 | Lair:1   | Reached skill level 5 in Maces & Flails
 23002 | Lair:1   | Noticed a minotaur
 23831 | Lair:2   | Found a hole to the Spider Nest.
 24342 | Lair:2   | Found a staircase to the Shoals.
 24867 | Lair:3   | Reached skill level 1 in Evocations
 24964 | Lair:3   | Noticed a boulder beetle
 24982 | Lair:3   | Killed a boulder beetle
 25193 | Lair:3   | Identified the cursed +2 helmet of the Prescient Sybil
                  | {Int+3, Fort, Self} (You found it on level 3 of the
                  | Dungeon)
 25193 | Lair:3   | Identified the cursed +2 pair of gloves "Cryptic the Ego"
                  | {Evo, Self} (You found it on level 1 of the Dungeon)
 25193 | Lair:3   | Identified the cursed +2 kite shield "I Knew You'd Do That"
                  | {Self, Fort} (You found it on level 5 of the Dungeon)
 25257 | Lair:3   | Reached XP level 14. HP: 103/103 MP: 0/0
 25516 | Lair:3   | Identified Joitefin's Disquisition on the Blazing Welkin
 25962 | Lair:3   | Reached skill level 10 in Dodging
 26439 | Lair:3   | Reached **** piety under Ashenzari
 27316 | D:2      | Found a runed translucent door.
 27317 | D:2      | Noticed Crazy Yiuf
 27324 | D:2      | Killed Crazy Yiuf
 27534 | D:11     | Reached skill level 5 in Evocations
 27646 | D:11     | Found a staircase to the Orcish Mines.
 27839 | D:11     | Found a sacrificial altar of Ru.
 27933 | D:11     | Reached skill level 10 in Spellcasting
 28252 | Orc:1    | Entered Level 1 of the Orcish Mines
 28596 | Orc:1    | Noticed a stone giant
 28609 | Orc:1    | Killed a stone giant
 28989 | Orc:1    | Noticed Nergalle
 29022 | Orc:1    | Killed Nergalle
 29271 | Orc:2    | Entered Level 2 of the Orcish Mines
 29426 | Orc:2    | Found a staircase to the Elven Halls.
 29900 | Orc:1    | Found Oplejaeg's Magic Scroll Boutique.
 29904 | Orc:1    | Bought a scroll of fog for 56 gold pieces
 31865 | Orc:2    | Reached XP level 15. HP: 69/110 MP: 0/0
 31865 | Orc:2    | Learned a level 6 spell: Simulacrum
 31915 | Orc:2    | Found Cujo Assuc's Antique Armour Emporium.
 31925 | Orc:2    | Found Ypuiwkaa's Armour Emporium.
 31926 | Orc:2    | Found Ipler's Jewellery Shop.
 32547 | Orc:2    | Found Qantopre's Book Shop.
 32734 | Orc:2    | Noticed Sonja
 32740 | Orc:2    | Killed Sonja
 32855 | Orc:2    | Reached skill level 10 in Fighting
 33708 | Lair:4   | Found a staircase to the Slime Pits.
 33749 | Lair:4   | Found a runed translucent gate.
 33749 | Lair:4   | Found a runed translucent gate.
 33749 | Lair:4   | Found a runed translucent gate.
 33758 | Lair:4   | Noticed tkbsonic5's ghost (journeyman DsAr)
 33758 | Lair:4   | Noticed Faliobat's ghost (journeyman TeHu)
 33765 | Lair:4   | Killed Faliobat's ghost
 33766 | Lair:4   | Reached skill level 10 in Stealth
 33769 | Lair:4   | Killed tkbsonic5's ghost
 34223 | Lair:5   | Entered Level 5 of the Lair of Beasts
 34514 | Lair:5   | Reached ***** piety under Ashenzari
 34581 | Lair:5   | Reached XP level 16. HP: 97/136 MP: 0/0
 35737 | D:11     | HP: 5/139 [white ugly thing (39)]
 35756 | D:11     | HP: 5/127 [quicksilver ooze (shapeshifter) (16)]
 35757 | D:11     | Slain by a quicksilver ooze (shapeshifter)

Illustrated notes

Levels and vault maps discovered:
D:1:      ldierk_water_garden, layout_loops_corners
D:2:      layout_loops_corners, basic_altar, hellmonk_ecumenical_altar_zigzags,
          uniq_crazy_yiuf_cottage
D:3:      layout_rooms, bloody_makhleb, minmay_misc_feat_alley
D:4:      layout_loops_ring, grunt_decor_fettered
D:5:      layout_basic, corner_web_ring
D:6:      layout_rooms, okawaru_gym_becter, minmay_temple_entry_offerings,
          serial_shops, nicolae_take_the_stairs, uniq_pikel, uniq_edmund
D:7:      layout_loops_corners, nicolae_wu_jian_immortal_techniques,
          nicolae_overflow_squiral, fedhas_bush_and_centaur_altar, minivault_14
D:8:      argonaut_augean_stables, layout_loops_cross, st_stairs_3,
          minmay_misc_feat_tiny, uniq_maggie
D:9:      layout_roguey, tgw_kikubaaqudgha, erik_lair_island, enter_bailey_7,
          serial_shops, shop, nicolae_shop_trees, shop_coins
D:10:     layout_loops_corners, lemuel_blue_sif_altar,
          nicolae_ashenzari_panopticon, grunt_temple_overflow_open,
          trog_ov_bears_minmay, serial_shops, nicolae_inconvenience_store,
          uniq_harold
D:11:     minmay_the_grid_3x3 [minmay_the_grid_minigrid_large,
          minmay_the_grid_garden, minmay_the_grid_diamond_grid,
          minmay_the_grid_gridbox, minmay_the_grid_tri_star,
          minmay_the_grid_all_tris, minmay_the_grid_paths,
          minmay_the_grid_plusring, minmay_the_grid_prize_four_corners],
          layout_irregular_city, hiddenorc2_lemuel, nicolae_ru_awakened_eye
Lair:1:   layout_small_grid, maelrawn_ghost_gauntlet_escape,
          cheibrodos_lair_lostbears, lemuel_fruit_fields, lemuel_fruit_tree
Lair:2:   layout_loops_ring, minmay_shoals_entry_centaurs,
          spider_nest_entry_web_field, beast_lair_carwin_2,
          infiniplex_staircase_pool_2
Lair:3:   layout_cellular_growth, st_stairs_5, grunt_forest_stairs_basic,
          beast_lair_carwin_5
Lair:4:   layout_loops_ring, slime_entry_1, gammafunk_ghost_cemetery,
          grunt_megastairs_5, serial_bayou_shore_b, infiniplex_staircase_pool
Lair:5:   minmay_lair_end_frog_pond, layout_cave_pods, serial_bayou_lagoon_a,
          lemuel_fruit_fields
Orc:1:    layout_diamond_mine, serial_shops, nicolae_shop_hallway_stairs,
          hellmonk_guarded_unrand_dark_maul, uniq_josephine, uniq_nergalle
Orc:2:    grunt_orc_tribal_feast, layout_diamond_mine, hangedman_minor_magic,
          uniq_sonja

Skill      XL: |  1  2  3  4  5  6  7  8  9 10 11 12 13 14 15 16 |
---------------+-------------------------------------------------+-----
Stealth        | 2 3 4 5 6 7 8 9 11 | 11.5
Dodging        | 3 4 5 6 8 9 10 | 10.9
Spellcasting   | 3 4 5 6 7 8 9 10 11 | 11.8
Fighting       | 1 2 4 5 6 7 8 9 11 | 11.7
Shields        | 2 4 6 7 |  7.5
Armour         | 3 5 6 7 |  7.9
Maces & Flails | 2 4 5 |  5.3
Evocations     | 2 6 |  6.7

Action                   |  1- 3 |  4- 6 |  7- 9 | 10-12 | 13-15 | 16-18 || total
-------------------------+-------+-------+-------+-------+-------+-------++-------
Melee: Whip              |     1 |    14 |     1 |     6 |    86 |    14 ||   122
       Unarmed           |       |       |       |       |     5 |       ||     5
 Cast: Foxfire           |    31 |    59 |    85 |   271 |   580 |    11 ||  1037
       Scorch            |     5 |    26 |    70 |   172 |   295 |    58 ||   626
       Conjure Flame     |       |     5 |     5 |    18 |    19 |       ||    47
       Call Imp          |       |     2 |     1 |    11 |    12 |       ||    26
       Inner Flame       |       |       |     6 |    14 |    34 |       ||    54
       Flame Wave        |       |       |     4 |     7 |    21 |       ||    32
       Ice Form          |       |       |       |       |     3 |       ||     3
       Alistair's Intoxi |       |       |       |       |     5 |     1 ||     6
       Simulacrum        |       |       |       |       |    94 |    38 ||   132
       Anguish           |       |       |       |       |     7 |     1 ||     8
Invok: Curse Item        |       |       |     1 |     3 |     3 |     1 ||     8
 Abil: Evoke Invisibilit |       |       |       |       |     1 |     1 ||     2
Evoke: Wand              |       |       |       |     9 |     2 |       ||    11
  Use: Scroll            |       |     3 |     3 |     4 |       |     1 ||    11
       Potion            |       |       |       |     2 |       |     1 ||     3
 Stab: Sleeping          |       |     1 |       |       |     6 |       ||     7
       Distracted        |       |       |       |       |     1 |       ||     1
Armor: Robe              |     2 |     7 |    17 |     1 |       |       ||    27
       Skin              |       |       |       |       |     7 |       ||     7
       Troll leather arm |       |       |       |       |    32 |     8 ||    40
Dodge: Dodged            |     3 |    17 |    69 |    19 |   109 |    21 ||   238
Block: Kite shield       |       |       |       |    34 |   160 |    38 ||   232
